PAA
LITTLE CAESARS HOT N READYS @ ATHLETIC CLUB KC ACADEMY
09/03/2028
 
TOP OF THE 1ST
Little Caesars Hot N Readys batting - Pitching for Athletic Club KC Academy : RHP Gabriel Reyes
Pitching: RHP Gabriel Reyes
Batting: LHB Pedro García 0-0: Ground out 4-3 (Groundball, 4S)
Batting: RHB Mike Taylor 0-0: Ball
1-0: Ball
2-0: Ball
3-0: Foul Ball, location: 2F
3-1: Base on Balls
Batting: RHB Lorenzo Ruíz 0-0: Called Strike
0-1: Ball
1-1: Fly out, F7 (Flyball, 7)
Batting: RHB Júlio Morín 0-0: Ground out 5-3 (Groundball, 56S)
Top of the 1st over - 0 run(s), 0 hit(s), 0 error(s), 1 left on base; Little Caesars 0 - Athletic Club KC Academy 0
BOTTOM OF THE 1ST
Athletic Club KC Academy batting - Pitching for Little Caesars Hot N Readys : RHP Kyuichi Hori
Pitching: RHP Kyuichi Hori
Batting: RHB Jesús Vargas 0-0: Ball
1-0: Ball
2-0: Called Strike
2-1: Ground out U3 (Groundball, 34)
Batting: LHB Tony García 0-0: Ball
1-0: Ball
2-0: Ball
3-0: Base on Balls
Batting: LHB Tsai Ng 0-0: Ball
1-0: SINGLE (Flyball, 7LS)
Tony García to second
Batting: LHB Matt Herman 0-0: SINGLE (Line Drive, 8LS)
Tony García to third
Tsai Ng to second
Runner from 3rd tries for Home, SAFE, throw made home
Batting: RHB Andrés Medina 0-0: Ball
1-0: Swinging Strike
1-1: Fly out, F1 (Line Drive, 15)
Batting: LHB Héctor Barrios 0-0: Ball
1-0: Foul Ball, location: 2F
1-1: Ball
2-1: SINGLE (Line Drive, 89S)
Tsai Ng to third
Matt Herman to second
Runner from 3rd tries for Home, SAFE, no throw
Batting: RHB Khal Drogo 0-0: Called Strike
0-1: Ball
1-1: Foul Ball, location: 2F
1-2: Ball
2-2: Strikes out looking
Bottom of the 1st over - 2 run(s), 3 hit(s), 0 error(s), 2 left on base; Little Caesars 0 - Athletic Club KC Academy 2
TOP OF THE 2ND
Little Caesars Hot N Readys batting - Pitching for Athletic Club KC Academy : RHP Gabriel Reyes
Batting: LHB Sean Angwin 0-0: Ball
1-0: Ball
2-0: Ball
3-0: Base on Balls
Batting: SHB Tony Gutiérrez 0-0: Ball
1-0: Ball
2-0: Foul Ball, location: 2F
2-1: Ball
3-1: Called Strike
3-2: Base on Balls
Sean Angwin to second
Batting: LHB Greg Scroggins 0-0: SINGLE (Groundball, 34D)
Sean Angwin to third
Tony Gutiérrez to second
Batting: SHB Bernard Gauthier 0-0: Called Strike
0-1: Foul Ball, location: 2F
0-2: Ball
1-2: Fly out, F8 (Flyball, 8LS)
Runner from 3rd tags up, SCORES, no throw
Batting: SHB Allen Pandey 0-0: Called Strike
Tony Gutiérrez steals 3rd base
Greg Scroggins to second
0-1: Ball
1-1: Ground out U3 (Groundball, 34S)
Tony Gutiérrez scores
Greg Scroggins to third
Batting: LHB Pedro García 0-0: Ball
1-0: Called Strike
1-1: Foul Ball, location: 2F
1-2: Fly out, F6 (Line Drive, 6)
Top of the 2nd over - 2 run(s), 1 hit(s), 0 error(s), 1 left on base; Little Caesars 2 - Athletic Club KC Academy 2
BOTTOM OF THE 2ND
Athletic Club KC Academy batting - Pitching for Little Caesars Hot N Readys : RHP Kyuichi Hori
Batting: RHB Fernando Rodríguez 0-0: SINGLE (Groundball, 3D)
Batting: SHB Gerald Merendino 0-0: Foul Ball, location: 2F
0-1: Ground out 5-3 (Groundball, 56S)
Fernando Rodríguez to second
Batting: RHB Jesús Vargas 0-0: Ball
1-0: Foul Ball, location: 2F
1-1: Swinging Strike
1-2: Strikes out looking
Batting: RHB Devin Ferris 0-0: Ball
1-0: Fly out, F8 (Flyball, 8RM)
Bottom of the 2nd over - 0 run(s), 1 hit(s), 0 error(s), 1 left on base; Little Caesars 2 - Athletic Club KC Academy 2
TOP OF THE 3RD
Little Caesars Hot N Readys batting - Pitching for Athletic Club KC Academy : RHP Gabriel Reyes
Batting: RHB Mike Taylor 0-0: SINGLE (Line Drive, 9S)
Batting: RHB Lorenzo Ruíz 0-0: Ball
1-0: Called Strike
1-1: Ball
2-1: Ball
3-1: Base on Balls
Mike Taylor to second
Batting: RHB Júlio Morín 0-0: Called Strike
0-1: Called Strike
0-2: Ball
1-2: Fly out, F9 (Flyball, 89S)
Batting: LHB Sean Angwin 0-0: Ball
1-0: Ball
2-0: Ball
3-0: Called Strike
3-1: Swinging Strike
3-2: Foul Ball, location: 2F
3-2: DOUBLE (Line Drive, 8LXD)
Mike Taylor scores
Lorenzo Ruíz to third
Runner from 3rd tries for Home, throw and OUT!
Sean Angwin to third
Batting: SHB Tony Gutiérrez 0-0: Swinging Strike
0-1: Ball
1-1: Swinging Strike
1-2: Ball
2-2: Ball
3-2: Base on Balls
Batting: LHB Greg Scroggins 0-0: Called Strike
0-1: Swinging Strike
0-2: Ball
1-2: Ground out 4-3 (Groundball, 34)
Top of the 3rd over - 1 run(s), 2 hit(s), 0 error(s), 2 left on base; Little Caesars 3 - Athletic Club KC Academy 2
BOTTOM OF THE 3RD
Athletic Club KC Academy batting - Pitching for Little Caesars Hot N Readys : RHP Kyuichi Hori
Batting: LHB Tsai Ng 0-0: Foul Ball, location: 2F
0-1: Ball
1-1: Foul Ball, location: 2F
1-2: Foul Ball, location: 2F
1-2: Ball
2-2: Ball
3-2: Fly out, F7 (Flyball, 7S)
Batting: LHB Matt Herman 0-0: Ground out 6-3 (Groundball, 6M)
Batting: RHB Andrés Medina 0-0: Ball
1-0: SINGLE (Groundball, P) (infield hit)
Batting: LHB Héctor Barrios 0-0: Called Strike
0-1: Ball
1-1: Ground out 2-3 (Groundball, 15S)
Bottom of the 3rd over - 0 run(s), 1 hit(s), 0 error(s), 1 left on base; Little Caesars 3 - Athletic Club KC Academy 2
TOP OF THE 4TH
Little Caesars Hot N Readys batting - Pitching for Athletic Club KC Academy : RHP Gabriel Reyes
Batting: SHB Bernard Gauthier 0-0: Ball
1-0: Ball
2-0: Foul Ball, location: 2F
2-1: Called Strike
2-2: Strikes out swinging
Batting: SHB Allen Pandey 0-0: DOUBLE (Line Drive, 7LS)
Batting: LHB Pedro García 0-0: Fly out, F8 (Flyball, 8LM)
Batting: RHB Mike Taylor 0-0: Ball
1-0: Ball
2-0: Swinging Strike
Passed Ball!
Allen Pandey to third
2-1: Foul Ball, location: 2F
2-2: 2-RUN HOME RUN (Flyball, 8LXD), Distance : 439 ft
Batting: RHB Lorenzo Ruíz 0-0: Ball
1-0: Called Strike
1-1: Ball
2-1: Ball
3-1: Foul Ball, location: 2F
3-2: Base on Balls
Batting: RHB Júlio Morín 0-0: Ball
1-0: Called Strike
1-1: Foul Ball, location: 2F
1-2: SINGLE (Flyball, 7S)
Lorenzo Ruíz to second
Batting: LHB Sean Angwin 0-0: Ball
1-0: Swinging Strike
1-1: Ball
2-1: Foul Ball, location: 2F
2-2: Fielders Choice at 2nd, 6-4 (Groundball, 6)
Top of the 4th over - 2 run(s), 3 hit(s), 0 error(s), 1 left on base; Little Caesars 5 - Athletic Club KC Academy 2
BOTTOM OF THE 4TH
Athletic Club KC Academy batting - Pitching for Little Caesars Hot N Readys : RHP Kyuichi Hori
Batting: RHB Khal Drogo 0-0: Called Strike
0-1: Ball
1-1: Ball
2-1: Bunt for hit - play at first, batter OUT! 1-3
Batting: RHB Fernando Rodríguez 0-0: Ball
1-0: Ball
2-0: Foul Ball, location: 2F
2-1: Ball
3-1: SINGLE (Line Drive, 8LS)
Batting: SHB Gerald Merendino 0-0: Called Strike
0-1: Swinging Strike
0-2: Ball
1-2: Strikes out looking
Batting: RHB Jesús Vargas 0-0: Foul Ball, location: 2F
0-1: Ball
Passed Ball!
Fernando Rodríguez to second
1-1: Ground out 6-3 (Groundball, 6S)
Bottom of the 4th over - 0 run(s), 1 hit(s), 0 error(s), 1 left on base; Little Caesars 5 - Athletic Club KC Academy 2
TOP OF THE 5TH
Little Caesars Hot N Readys batting - Pitching for Athletic Club KC Academy : RHP Gabriel Reyes
Batting: SHB Tony Gutiérrez 0-0: Ball
1-0: Ball
2-0: Ball
3-0: Called Strike
3-1: Called Strike
3-2: Base on Balls
Batting: LHB Greg Scroggins 0-0: Bunted foul
0-1: Ball
Tony Gutiérrez is caught stealing 2nd base
1-1: Foul Ball, location: 2F
1-2: Ball
2-2: Fly out, F7 (Flyball, 7LS)
Batting: SHB Bernard Gauthier 0-0: Ball
1-0: Ball
2-0: Foul Ball, location: 2F
2-1: Ball
3-1: Swinging Strike
3-2: Base on Balls
Batting: SHB Allen Pandey 0-0: Foul Ball, location: 2F
0-1: Ball
Wild Pitch!
Bernard Gauthier to second
1-1: Swinging Strike
1-2: Ball
2-2: Strikes out swinging
Top of the 5th over - 0 run(s), 0 hit(s), 0 error(s), 1 left on base; Little Caesars 5 - Athletic Club KC Academy 2
BOTTOM OF THE 5TH
Athletic Club KC Academy batting - Pitching for Little Caesars Hot N Readys : RHP Kyuichi Hori
Batting: RHB Devin Ferris 0-0: Ball
1-0: Called Strike
1-1: Swinging Strike
1-2: Foul Ball, location: 2F
1-2: Strikes out swinging
Batting: LHB Tsai Ng 0-0: Ball
1-0: Ball
2-0: Ground out 6-3 (Groundball, 6M)
Batting: LHB Matt Herman 0-0: Ball
1-0: Foul Ball, location: 2F
1-1: Fly out, F8 (Line Drive, 8LM)
Bottom of the 5th over - 0 run(s), 0 hit(s), 0 error(s), 0 left on base; Little Caesars 5 - Athletic Club KC Academy 2
TOP OF THE 6TH
Little Caesars Hot N Readys batting - Pitching for Athletic Club KC Academy : RHP Gabriel Reyes
Batting: LHB Pedro García 0-0: Ball
1-0: Ball
2-0: Foul Ball, location: 2F
2-1: Ball
3-1: Ground out 4-3 (Groundball, 4)
Batting: RHB Mike Taylor 0-0: Ball
1-0: Ball
2-0: Ball
3-0: Called Strike
3-1: Fly out, F3 (Popup, 34S)
Batting: RHB Lorenzo Ruíz 0-0: Called Strike
0-1: Ball
1-1: Ball
2-1: Called Strike
2-2: Ball
3-2: Base on Balls
Pitching: RHP Rubén Rivera
Batting: RHB Júlio Morín 0-0: Called Strike
0-1: Swinging Strike
0-2: Strikes out swinging
Top of the 6th over - 0 run(s), 0 hit(s), 0 error(s), 1 left on base; Little Caesars 5 - Athletic Club KC Academy 2
BOTTOM OF THE 6TH
Athletic Club KC Academy batting - Pitching for Little Caesars Hot N Readys : RHP Kyuichi Hori
Batting: RHB Andrés Medina 0-0: DOUBLE (Flyball, 78D)
Batting: LHB Héctor Barrios 0-0: Foul Ball, location: 2F
0-1: Foul Ball, location: 2F
0-2: Ground out 4-3 (Groundball, 34)
Andrés Medina to third
Batting: RHB Khal Drogo 0-0: Called Strike
0-1: Ball
1-1: Foul Ball, location: 2F
1-2: Ball
2-2: Foul Ball, location: 2F
2-2: Strikes out swinging
Batting: RHB Fernando Rodríguez 0-0: Ball
1-0: Ball
2-0: SINGLE (Line Drive, 7LS)
Andrés Medina scores
Batting: SHB Gerald Merendino 0-0: Called Strike
0-1: Fly out, F9 (Flyball, 9)
Bottom of the 6th over - 1 run(s), 2 hit(s), 0 error(s), 1 left on base; Little Caesars 5 - Athletic Club KC Academy 3
TOP OF THE 7TH
Little Caesars Hot N Readys batting - Pitching for Athletic Club KC Academy : RHP Rubén Rivera
Batting: LHB Sean Angwin 0-0: Called Strike
0-1: Ball
1-1: SINGLE (Groundball, 4D)
Batting: SHB Tony Gutiérrez 0-0: Called Strike
0-1: Ball
1-1: Sac Bunt - play at first, batter OUT! 1-4
Sean Angwin to second
Batting: LHB Greg Scroggins 0-0: Ball
1-0: Ball
2-0: Foul Ball, location: 2F
2-1: Ground out 6-3 (Groundball, 6)
Batting: SHB Bernard Gauthier 0-0: Ball
1-0: Foul Ball, location: 2F
1-1: Ball
2-1: Swinging Strike
2-2: Foul Ball, location: 2F
2-2: Ball
3-2: Strikes out swinging
Top of the 7th over - 0 run(s), 1 hit(s), 0 error(s), 1 left on base; Little Caesars 5 - Athletic Club KC Academy 3
BOTTOM OF THE 7TH
Athletic Club KC Academy batting - Pitching for Little Caesars Hot N Readys : RHP Kyuichi Hori
Batting: RHB Jesús Vargas 0-0: Ball
1-0: Foul Ball, location: 2F
1-1: Ball
2-1: Foul Ball, location: 2F
2-2: Ball
3-2: Strikes out swinging
Batting: RHB Devin Ferris 0-0: SOLO HOME RUN (Flyball, 89XD), Distance : 405 ft
Batting: LHB Tsai Ng 0-0: Swinging Strike
0-1: Ball
1-1: Ball
2-1: Swinging Strike
2-2: Foul Ball, location: 2F
2-2: Fly out, F8 (Flyball, 8RS)
Batting: LHB Matt Herman 0-0: Called Strike
0-1: Ball
1-1: Ground out U3 (Groundball, 3)
Bottom of the 7th over - 1 run(s), 1 hit(s), 0 error(s), 0 left on base; Little Caesars 5 - Athletic Club KC Academy 4
TOP OF THE 8TH
Little Caesars Hot N Readys batting - Pitching for Athletic Club KC Academy : RHP Rubén Rivera
Batting: SHB Allen Pandey 0-0: Called Strike
0-1: Swinging Strike
0-2: Foul Ball, location: 2F
0-2: Foul Ball, location: 2F
0-2: Foul Ball, location: 2F
0-2: Foul Ball, location: 2F
0-2: Ball
1-2: Ball
2-2: Foul Ball, location: 2F
2-2: Strikes out looking
Batting: LHB Pedro García 0-0: Called Strike
0-1: Fly out, F7 (Flyball, 7)
Batting: RHB Mike Taylor 0-0: Ball
1-0: Ball
2-0: Ball
3-0: Base on Balls
Pinch Hitting: LHB Lance Antle 0-0: Ball
Wild Pitch!
Mike Taylor to second
1-0: SINGLE (Line Drive, 6M)
Mike Taylor to third
Runner from 3rd tries for Home, SAFE, no throw
Batting: RHB Júlio Morín 0-0: Ball
Wild Pitch!
Lance Antle to second
1-0: Foul Ball, location: 2F
1-1: SINGLE (Groundball, 56D)
Lance Antle to third
Runner from 3rd tries for Home, SAFE, no throw
Batting: LHB Sean Angwin 0-0: Ball
1-0: Ball
2-0: Foul Ball, location: 2F
2-1: Ball
3-1: Ground out U3 (Groundball, 34S)
Top of the 8th over - 2 run(s), 2 hit(s), 0 error(s), 1 left on base; Little Caesars 7 - Athletic Club KC Academy 4
BOTTOM OF THE 8TH
Athletic Club KC Academy batting - Pitching for Little Caesars Hot N Readys : RHP Kyuichi Hori
Now in CF: Lance Antle
Batting: RHB Andrés Medina 0-0: Ball
1-0: Called Strike
1-1: Ball
2-1: Foul Ball, location: 2F
2-2: Foul Ball, location: 2F
2-2: Ball
3-2: Base on Balls
Pitching: RHP Kermit Sebold
Batting: LHB Héctor Barrios 0-0: Ball
1-0: Ball
2-0: Foul Ball, location: 2F
2-1: Fielders Choice at 2nd, 5-4 (Groundball, 56)
Pitching: RHP Leif Mayer
Batting: RHB Khal Drogo 0-0: Ball
1-0: TRIPLE (Line Drive, 3L)
Héctor Barrios scores
Batting: RHB Fernando Rodríguez 0-0: SINGLE (Groundball, 6D)
Khal Drogo scores
Pinch Runner at 1st Mauro Valverde:
Pinch Hitting: RHB Dani Reyes 0-0: Fielders Choice at 2nd, 5-4 (Groundball, 56)
Batting: RHB Jesús Vargas 0-0: Swinging Strike
0-1: Ball
1-1: Ball
2-1: Swinging Strike
2-2: Foul Ball, location: 2F
2-2: Ball
3-2: Base on Balls
Dani Reyes to second
Batting: RHB Devin Ferris 0-0: Ball
1-0: Foul Ball, location: 2F
1-1: Fly out, F8 (Flyball, 8RM)
Bottom of the 8th over - 2 run(s), 2 hit(s), 0 error(s), 2 left on base; Little Caesars 7 - Athletic Club KC Academy 6
TOP OF THE 9TH
Little Caesars Hot N Readys batting - Pitching for Athletic Club KC Academy : RHP Rubén Rivera
Now in LF: Mauro Valverde
Now in RF: Dani Reyes
Batting: SHB Tony Gutiérrez 0-0: Ball
1-0: Ball
2-0: Called Strike
2-1: SINGLE (Line Drive, 78M)
Batting: LHB Greg Scroggins 0-0: Ball
1-0: Bunted foul
1-1: Bunted foul
1-2: Ball
Tony Gutiérrez steals 2nd base
2-2: Ball
3-2: Fly out, F8 (Flyball, 78M)
Batting: SHB Bernard Gauthier 0-0: Intentional Walk
Pitching: RHP Claudio Valenzuela
Pinch Hitting: RHB Luis Aragón 0-0: Ball
Wild Pitch!
Tony Gutiérrez to third
Bernard Gauthier to second
1-0: Intentional Walk
Batting: LHB Pedro García 0-0: Swinging Strike
0-1: Foul Ball, location: 2F
0-2: Ball
1-2: Ball
2-2: Ball
3-2: Foul Ball, location: 2F
3-2: Foul Ball, location: 2F
3-2: Fly out, F1 (Line Drive, 15)
Batting: RHB Mike Taylor 0-0: Swinging Strike
0-1: Ball
1-1: Called Strike
1-2: Strikes out looking
Top of the 9th over - 0 run(s), 1 hit(s), 0 error(s), 3 left on base; Little Caesars 7 - Athletic Club KC Academy 6
BOTTOM OF THE 9TH
Athletic Club KC Academy batting - Pitching for Little Caesars Hot N Readys : RHP Leif Mayer
Pitching: LHP Juan Soto
Now at 3B: Luis Aragón
Batting: LHB Tsai Ng Error on foul ball, E2
0-1: Ball
1-1: Foul Ball, location: 2F
1-2: Ball
2-2: Ball
3-2: Fly out, F8 (Flyball, 8RM)
Batting: LHB Matt Herman 0-0: Foul Ball, location: 2F
0-1: Ball
1-1: SINGLE (Line Drive, 89S)
Batting: RHB Andrés Medina 0-0: Ball
1-0: Foul Ball, location: 2F
1-1: Ball
2-1: SINGLE (Line Drive, 78S)
Matt Herman to second
Pinch Hitting: RHB Kenny Smith 0-0: Foul Ball, location: 2F
0-1: Swinging Strike
0-2: Foul Ball, location: 2F
0-2: Ball
1-2: Grounds into double play, 6-4-3 (Groundball, 6)
Bottom of the 9th over - 0 run(s), 2 hit(s), 1 error(s), 1 left on base; Little Caesars 7 - Athletic Club KC Academy 6
Thursday, August 31st, 2017 - OOTP Baseball 17.12 Build 75